 Dungeon Crawl Stone Soup version 0.23-a0-38-g6d804a8 (webtiles) character file.

21491 Amnesiac the Destroyer (level 12, -7/86 HPs)
             Began as a Mummy Conjurer on Aug 5, 2018.
             Was a High Priest of Sif Muna.
             Killed by miscasting Orb of Destruction (9 damage)
             ... in a volcano.
             The game lasted 00:31:18 (15710 turns).

Amnesiac the Destroyer (Mummy Conjurer)            Turns: 15710, Time: 00:31:18

Health: -7/86      AC:  6    Str: 13    XL:     12   Next: 54%
Magic:  0/36       EV: 21    Int: 18    God:    Sif Muna [*****.]
Gold:   854        SH:  6    Dex: 12    Spells: 16/34 levels left

rFire    . . .     SeeInvis .   a - staff of conjuration
rCold    + . .     Gourm    .   l - +1 buckler
rNeg     + + +     Faith    .   n - +2 robe {rF+}
rPois    ∞         Spirit   .   p - +0 helmet
rElec    .         Reflect  .   (no cloak)
rCorr    .         Harm     .   q - +0 pair of gloves
MR       +....                  (no boots)
Stlth    ++........             (no amulet)
HPRegen  0.24/turn              k - +6 ring of evasion
MPRegen  0.25/turn              s - ring of magical power

@: about to teleport, very slightly contaminated, divine energy
A: no food or potions, fire vulnerability, cold resistance 1, negative energy
resistance 3, torment resistance, unbreathing
a: Stop Divine Energy, Channel Magic, Forget Spell, Renounce Religion


You were in a volcano.
You worshipped Sif Muna.
Sif Muna was extremely pleased with you.
You were not hungry.

You visited 3 branches of the dungeon, and saw 13 of its levels.
You also visited: Bailey and Volcano.

You collected 854 gold pieces.

Inventory:

Hand Weapons
 b - a +4 demon trident of draining
Armour
 g - the +4 scale mail of the Snail {+Inv rElec Int+7 Dex+2}
   (You found it on level 7 of the Dungeon)

   It affects your intelligence (+7).
   It affects your dexterity (+2).
   It insulates you from electricity.
   It lets you turn invisible.
 l - a +1 buckler (worn)
 n - a +2 robe of fire resistance (worn)
 p - a +0 helmet (worn)
 q - a +0 pair of gloves (worn)
Magical Staves
 a - an uncursed staff of conjuration (weapon)
 c - an uncursed staff of fire
Jewellery
 k - a +6 ring of evasion (left hand)
 s - a ring of magical power (right hand)
Wands
 h - a wand of flame (29)
 m - a wand of disintegration (17)
 o - a wand of paralysis (23)
 t - a wand of polymorph (9)
Scrolls
 d - a scroll of amnesia {!r}
 e - 3 scrolls of teleportation {!r}
 f - 3 scrolls of remove curse {!r}
 i - 2 scrolls of blinking {!r}
 u - a scroll of silence {!r}
Miscellaneous
 j - a sack of spiders


   Skills:
 - Level 5.0 Fighting
 - Level 6.3 Dodging
 - Level 1.5 Stealth
 - Level 4.0 Shields
 + Level 11.5 Spellcasting
 * Level 11.5 Conjurations
 - Level 8.0 Invocations


You had 16 spell levels left.
You knew the following spells:

 Your Spells              Type           Power        Failure   Level  Hunger
a - Iskenderun's Mystic   Conj           ######..     1%          4    N/A
b - Passwall              Tmut/Erth      ##......     11%         2    N/A
c - Orb of Destruction    Conj           ######....   45%         7    N/A
e - Mephitic Cloud        Conj/Pois/Air  #####...     4%          3    N/A
z - Swiftness             Chrm/Air       ##......     11%         2    N/A

Your spell library contained the following spells:

 Spells                   Type           Power        Failure   Level  Hunger
 Magic Dart               Conj           ####         1%          1    N/A
 Conjure Flame            Conj/Fire      #####...     1%          3    N/A
 Lightning Bolt           Conj/Air       #####.....   17%         5    N/A
 Bolt of Magma            Conj/Fire/Erth #####.....   36%         5    N/A
 Invisibility             Hex            ##......     100%        6    N/A
 Animate Dead             Necr           N/A          56%         4    N/A
 Pain                     Necr           ##..         7%          1    N/A
 Animate Skeleton         Necr           N/A          7%          1    N/A
 Vampiric Draining        Necr           ##........   21%         3    N/A
 Regeneration             Chrm/Necr      ##........   21%         3    N/A
 Flame Tongue             Conj/Fire      #####        1%          1    N/A
 Lee's Rapid Deconstruct  Erth           ##........   88%         5    N/A
 Passage of Golubria      Tloc           N/A          56%         4    N/A
 Darkness                 Hex            ##........   100%        6    N/A
 Fulminant Prism          Conj/Hex       #####.....   6%          4    N/A
 Dazzling Spray           Conj/Hex       #####.       1%          3    N/A
 Force Lance              Conj/Tloc      #####...     6%          4    N/A
 Searing Ray              Conj           ######       1%          2    N/A
 Spellforged Servitor     Conj/Summ      #####.....   99%         7    N/A

Dungeon Overview and Level Annotations

Branches:
Dungeon (10/15)            Temple (1/1) D:6            Lair (0/6) D:9
    Orc (2/2) D:9
    Elf: Orc:2

Altars:
Ashenzari
Cheibriados
Dithmenos
Elyvilon
Fedhas
Gozag
Hepliaklqana
Kikubaaqudgha
Makhleb
Nemelex Xobeh
Okawaru
Qazlal
Ru
Sif Muna
Trog
Uskayaw
Vehumet
Wu Jian
Xom
Yredelemnul
Zin
The Shining One
Beogh

Shops:
D:5 ?   D:10 !


Innate Abilities, Weirdness & Mutations

You do not eat or drink.
Your flesh is vulnerable to fire.
You are immune to poison.
Your flesh is cold resistant. (rC+)
You are immune to negative energy. (rN+++)
You are immune to unholy pain and torment.
You can survive without breathing.


Message History

Adjust (i)tems, (s)pells, or (a)bilities?
Adjust which spell?
Okay, then.
The hell knight hits you from afar with a halberd of flaming!!
* * * LOW HITPOINT WARNING * * *
The hell knight burns you!
* * * LOW HITPOINT WARNING * * *
Unknown command.
Really read
i - 3 scrolls of blinking {!r}?
Blink to where?
Press: ? - help, Dir - move target cursor, p - hell knight You are very lightly contaminated with residual magic.
As you read the scroll of blinking {!r}, it crumbles to dust.
The centaur warrior wields an uncursed shortbow of flaming.
It bursts into flame!
The centaur warrior shoots an arrow.
You block the arrow.
You see here an arrow.
Evoke which item? (* to show all) (? for menu, Esc to quit)
Okay, then.
Okay, then.
Evoke which item? (* to show all) (? for menu, Esc to quit)
Okay, then.
Really read
r - a scroll of fear {!r}?
As you read the scroll of fear {!r}, it crumbles to dust.
You assume a fearsome visage.
The yaktaur resists with some effort.
The centaur warrior looks frightened!
The yaktaur drinks a potion.
The yaktaur suddenly seems more agile.
Evoke which item? (* to show all) (? for menu, Esc to quit)
Okay, then.
Really read
e - 4 scrolls of teleportation {!r}?
As you read the scroll of teleportation {!r}, it crumbles to dust.
You feel strangely unstable.
You see here a longbow of flaming.
Okay, then.
Evoke which item? (* to show all) (? for menu, Esc to quit)
Aiming: Disintegrate
Press: ? - help, Shift-Dir - straight line, f - yaktaur
Aim: a yaktaur, wielding an arbalest of flaming (lightly wounded, chance to defeat MR: 48%)
Okay, then.
Okay, then.
Really read
u - a scroll of silence {!r}?
Okay, then.
Casting: Iskenderun's Mystic Blast (safe; 1% risk of failure)
Confirm with . or Enter, or press ? or * to list all spells.
Okay, then.
Casting: Iskenderun's Mystic Blast (safe; 1% risk of failure)
Confirm with . or Enter, or press ? or * to list all spells.
Aiming: Mephitic Cloud (safe; 4% risk of failure)
Press: ? - help, Shift-Dir - straight line, f - yaktaur
Aim: a yaktaur, wielding an arbalest of flaming (lightly wounded)
You feel a surge of power!
The ball explodes into a vile cloud!
The stinking cloud engulfs the yaktaur.
The yaktaur is lightly wounded.
The yaktaur is engulfed in noxious fumes.
Casting: Mephitic Cloud (safe; 4% risk of failure)
Confirm with . or Enter, or press ? or * to list all spells.
Okay, then.
Casting: Mephitic Cloud (safe; 4% risk of failure)
Confirm with . or Enter, or press ? or * to list all spells.
Aiming: Orb of Destruction (quite dangerous; 45% risk of failure)
Press: ? - help, Shift-Dir - straight line, f/p - yaktaur
Aim: a yaktaur, wielding an arbalest of flaming (noxious fumes, lightly wounded)
You feel a surge of power!
You miscast Orb of Destruction.
A wave of violent energy washes through your body!
You die...

..## ...### ≈....##
≈.≈...## §≈§....##
#####
§§≈≈≈...###...##
≈≈≈≈≈≈...#..8.(####
≈≈≈≈≈≈...#.....##(#
≈≈≈≈≈...##.....8@.#
≈≈§...####..⌠..#.$#
≈≈≈...# ##):.##[.#
≈§§..### ##)####c##
§§§...8###(p(# §§.
§.§§.....((∩.c..§..#
§.....8###...#c...##
....#### ##'####'##
.#.## #. $#


You could see a yaktaur.

Vanquished Creatures
  Gastronok (D:8)
  A stone giant (Orc:1)
  Snorg (D:10)
  Harold (D:8)
  Erolcha (D:9)
  An unseen horror (D:10)
  2 orc sorcerers (Orc:1)
  A cyclops (Orc:1)
  Psyche (D:9)
  A gargoyle (Volcano)
  2 yaktaurs (Volcano)
  5 trolls
  A hippogriff (D:10)
  A spriggan (D:7)
  A wraith (D:10)
  7 yaks
  4 fire bats (Volcano)
  A hungry ghost (D:7)
  Grum (D:8)
  4 wargs
  2 hell hounds
  26 orc warriors
  3 black bears (D:6)
  A sky beast (D:9)
  4 ice beasts
  3 phantoms
  2 eyes of draining
  12 ogres
  5 wolves
  19 centaurs
  A big kobold (D:9)
  5 bullfrogs
  3 scorpions
  2 howler monkeys
  2 electric eels (D:9)
  6 crimson imps
  6 lava snakes (Volcano)
  2 centaur zombies
  12 hounds
  2 centaur skeletons
  A gnoll shaman (D:9)
  A jelly (D:9)
  15 orc priests
  3 bullfrog skeletons
  13 orc wizards
  3 iguanas
  9 worker ants
  A hound zombie (D:7)
  A worker ant zombie (D:9)
  Robin (D:3)
  8 adders
  9 gnolls
  A shadow imp (D:7)
  2 oozes
  An adder skeleton (D:7)
  3 worms
  4 dart slugs
  6 leopard geckos
  90 orcs
  A bat (D:2)
  9 giant cockroaches
  12 hobgoblins
  13 jackals
  4 quokkas
  2 ball pythons
  5 frilled lizards
  9 goblins
  A jackal skeleton (D:8)
  A jackal zombie (D:7)
  10 kobolds
  A quokka skeleton (D:5)
  A quokka zombie (D:9)
  7 rats
404 creatures vanquished.

Notes
Turn   | Place    | Note
-------+----------+-------------------------------------------
     0 | D:1      | Amnesiac the Mummy Conjurer began the quest for the Orb.
     0 | D:1      | Reached XP level 1. HP: 13/13 MP: 4/4
   180 | D:2      | Found a hazy altar of Hepliaklqana.
   457 | D:2      | Reached XP level 2. HP: 19/19 MP: 6/6
   461 | D:2      | Learned a level 2 spell: Searing Ray
   957 | D:2      | Reached XP level 3. HP: 21/24 MP: 0/7
  1413 | D:4      | Reached XP level 4. HP: 28/31 MP: 5/10
  1504 | D:4      | Reached skill level 1 in Fighting
  1524 | D:4      | Found a sparkling altar of Nemelex Xobeh.
  1525 | D:4      | Found a sacrificial altar of Ru.
  1882 | D:4      | Reached XP level 5. HP: 31/37 MP: 2/11
  2089 | D:4      | Noticed an ogre
  2104 | D:4      | Killed an ogre
  2104 | D:4      | Reached XP level 6. HP: 10/45 MP: 0/12
  2513 | D:5      | Entered Level 5 of the Dungeon
  3002 | D:5      | Reached XP level 7. HP: 26/52 MP: 6/13
  3335 | D:5      | Found Fant's Magic Scroll Shoppe.
  3397 | D:5      | Reached skill level 5 in Dodging
  3708 | D:5      | Reached skill level 1 in Shields
  3965 | D:5      | Reached XP level 8. HP: 43/60 MP: 9/14
  5201 | D:6      | Found a staircase to the Ecumenical Temple.
  5224 | D:6      | Reached skill level 5 in Fighting
  5248 | Temple   | Entered the Ecumenical Temple
  5585 | Temple   | Became a worshipper of Sif Muna the Loreminder
  5739 | D:6      | Reached XP level 9. HP: 63/68 MP: 14/16
  5754 | D:6      | Reached skill level 5 in Conjurations
  6719 | D:3      | Noticed Robin
  6740 | D:3      | Killed Robin
  6798 | D:3      | Reached skill level 5 in Spellcasting
  6848 | D:3      | Found a sparkling altar of Nemelex Xobeh.
  7071 | D:3      | Reached * piety under Sif Muna
  7235 | D:3      | Learned a level 4 spell: Iskenderun's Mystic Blast
  7501 | D:6      | Found a bloodstained altar of Trog.
  7698 | D:6      | Learned a level 2 spell: Passwall
  7701 | D:6      | Learned a level 2 spell: Swiftness
  7911 | D:6      | Reached ** piety under Sif Muna
  8103 | D:7      | Got a faintly humming scale mail
  8166 | D:7      | Found a snail-covered altar of Cheibriados.
  8267 | D:7      | Identified the +4 scale mail of the Snail {+Inv rElec Int+7 Dex+2} (You found it on level 7 of the Dungeon)
  8302 | D:7      | Reached XP level 10. HP: 61/74 MP: 1/21
  8542 | D:7      | Identified a scroll of acquirement {!r}
  8724 | D:8      | Noticed Grum
  8900 | D:8      | Killed Grum
  8900 | D:8      | Reached *** piety under Sif Muna
  8997 | D:8      | Found an opulent altar of Gozag.
  9127 | D:8      | Noticed Gastronok
  9128 | D:8      | Noticed Harold
  9158 | D:8      | Killed Gastronok
  9749 | D:9      | Reached **** piety under Sif Muna
  9810 | D:9      | Noticed Psyche
  9827 | D:9      | Paralysed by something for 4 turns
  9835 | D:9      | Killed Psyche
  9955 | D:9      | Noticed Erolcha
 10107 | D:9      | Reached XP level 11. HP: 79/79 MP: 12/24
 10178 | D:9      | Reached skill level 10 in Conjurations
 10273 | D:9      | Reached skill level 10 in Spellcasting
 10471 | D:9      | Found a roughly hewn altar of Beogh.
 10496 | D:9      | Found a staircase to the Orcish Mines.
 10556 | D:9      | Found a staircase to the Lair.
 10841 | D:9      | Reached ***** piety under Sif Muna
 11050 | D:9      | Killed Erolcha
 11050 | D:9      | Identified Ytetsoed's Grimoire of Blistering Conjuration (Sif Muna gifted it to you on level 9 of the Dungeon)
 11050 | D:9      | Received a gift from Sif Muna
 11060 | D:9      | Learned a level 7 spell: Orb of Destruction
 11101 | D:10     | Entered Level 10 of the Dungeon
 11150 | D:10     | Found Ytsoa's Distillery.
 11341 | D:10     | Noticed Snorg
 11494 | D:8      | Killed Harold
 11592 | D:8      | Learned a level 3 spell: Mephitic Cloud
 11604 | D:8      | Found an opulent altar of Gozag.
 12208 | D:10     | Killed an unseen horror
 12480 | D:10     | Killed Snorg
 13149 | Orc:1    | Entered Level 1 of the Orcish Mines
 13155 | Orc:1    | Reached skill level 1 in Invocations
 13533 | Orc:1    | Found a flagged portal.
 13584 | Orc:1    | Reached XP level 12. HP: 86/86 MP: 0/27
 13704 | Bailey   | Entered a bailey
 13882 | Bailey   | Reached skill level 5 in Invocations
 14795 | Orc:1    | Found a roughly hewn altar of Beogh.
 14827 | Orc:1    | Noticed a stone giant
 14833 | Orc:1    | Killed a stone giant
 15069 | Orc:2    | Entered Level 2 of the Orcish Mines
 15253 | Orc:2    | Found a dark tunnel.
 15269 | Volcano  | Entered a volcano
 15689 | Volcano  | Found a burning altar of Makhleb.
 15689 | Volcano  | Noticed a centaur warrior
 15700 | Volcano  | Received a gift from Sif Muna
 15703 | Volcano  | HP: 1/86 [hell knight/halberd of flaming (8)]
 15710 | Volcano  | Killed by miscasting Orb of Destruction

Vault maps used:
D:1:      zelgadis_glass_arrival_small, serial_aquarium, aquarium_bridge_square,
          aquarium_window_2, aquarium_window_2, aquarium_window_fake,
          aquarium_view_2f, aquarium_view_4, aquarium_balcony_5b,
          minmay_hedge_maze, minivault_25
D:2:      nicolae_overflow_hidden_temple, first_ration
D:3:      nemelex_spade_bored_becter, uniq_robin
D:4:      gammafunk_temple_overflow_pools
D:5:      serial_shops, nicolae_shop_stone, nzn_random_ring
D:6:      trog_ov_bears_minmay, minmay_temple_entry_statues_pillars
D:7:      the_bakery, cheibriados_altar_1
D:8:      eino_tiny_chamber, grunt_gozag_statues, uniq_grum, uniq_gastronok,
          uniq_harold
D:9:      erik_lair_island, david_orc_5, uniq_erolcha, uniq_psyche
D:10:     serial_shops, shop, uniq_snorg
Temple:   hc_temple_tempest_star
Orc:1:    enter_bailey_8, basic_altar
Orc:2:    st_orc_elflike, gammafunk_ghost_split, basic_altar, enter_volcano_3
Bailey:   bailey_polearm_flooded_kennysheep, bailey
Volcano:  volcano_grotto

Skill      XL: |  1  2  3  4  5  6  7  8  9 10 11 12 |
---------------+-------------------------------------+-----
Spellcasting   | 3 4 7 9 11 | 11.5
Conjurations   | 4 7 9 11 | 11.5
Dodging        | 2 3 4 5 6 |  6.3
Fighting       | 1 2 3 5 |  5.0
Shields        | 3 4 |  4.0
Invocations    | 4 8 |  8.0
Stealth        | |  1.5

Action                   |  1- 3 |  4- 6 |  7- 9 | 10-12 || total
-------------------------+-------+-------+-------+-------++-------
Melee: Long sword        |     8 |     9 |    26 |       ||    43
       Demon trident     |       |       |   218 |    47 ||   265
       Staff             |       |       |       |    46 ||    46
 Fire: Hunting sling     |    26 |       |       |       ||    26
 Cast: Magic Dart        |    50 |    32 |    70 |       ||   152
       Searing Ray       |     3 |    13 |    23 |       ||    39
       Iskenderun's Myst |       |       |    52 |   380 ||   432
       Passwall          |       |       |       |     1 ||     1
       Mephitic Cloud    |       |       |       |     2 ||     2
Invok: Divine Energy     |       |       |     1 |       ||     1
Evoke: Wand              |       |       |     1 |     3 ||     4
  Use: Scroll            |       |       |    13 |    11 ||    24
 Stab: Distracted        |       |       |     1 |       ||     1
       Paralysed         |       |       |       |     5 ||     5
Armor: Robe              |     3 |     4 |    15 |       ||    22
       Scale mail        |       |       |     2 |    68 ||    70
Dodge: Dodged            |    26 |    23 |   250 |   216 ||   515
Block: Buckler           |       |       |    56 |    79 ||   135
       Rpst.: Long sword |     7 |     6 |    19 |       ||    32

Table legend:
 A = Spawn XP
 B = Non-spawn XP
 C = Spawn XP percentage of total XP
 D = Spawn monster count
 E = Non-spawn monster count
 F = Spawn count percentage of total count
 G = Total turns spent on level
                    A         B        C        D         E        F      G
               +---------+---------+-------+---------+---------+-------+---------
         Total |       0 |   30702 |   0.0 |       0 |     404 |   0.0 | 15710
               +---------+---------+-------+---------+---------+-------+---------
           D:1 |       0 |      24 |   0.0 |       0 |      15 |   0.0 |   733
           D:2 |       0 |      78 |   0.0 |       0 |      20 |   0.0 |  1241
           D:3 |       0 |     145 |   0.0 |       0 |      34 |   0.0 |   909
           D:4 |       0 |     616 |   0.0 |       0 |      24 |   0.0 |  1766
           D:5 |       0 |    1219 |   0.0 |       0 |      25 |   0.0 |  1788
           D:6 |       0 |    2514 |   0.0 |       0 |      36 |   0.0 |  1246
           D:7 |       0 |    1625 |   0.0 |       0 |      30 |   0.0 |   799
           D:8 |       0 |    4139 |   0.0 |       0 |      14 |   0.0 |  1563
           D:9 |       0 |    5642 |   0.0 |       0 |      86 |   0.0 |  1804
          D:10 |       0 |    4210 |   0.0 |       0 |      21 |   0.0 |  1263
         Orc:1 |       0 |    4926 |   0.0 |       0 |      27 |   0.0 |   802
         Orc:2 |       0 |     922 |   0.0 |       0 |      19 |   0.0 |   149
        Bailey |       0 |    2302 |   0.0 |       0 |      39 |   0.0 |   861
       Volcano |       0 |    2340 |   0.0 |       0 |      14 |   0.0 |   441
               +---------+---------+-------+---------+---------+-------+---------
